 Dungeon Crawl Stone Soup version 0.29-a0-337-g68df138881 (webtiles) character file.

Game seed: 14462221423089240956

87504 zazu2006 the Covert (level 15, 0/129 HPs)
             Began as a Naga Hedge Wizard on Apr 16, 2022.
             Was a High Priest of Vehumet.
             Slain by a slime creature (16 damage)
             ... on level 13 of the Dungeon on Apr 17, 2022.
             The game lasted 01:41:57 (39547 turns).

zazu2006 the Covert (Naga Hedge Wizard)            Turns: 39547, Time: 01:41:57

Health: 0/129      AC: 10    Str: 16    XL:     15   Next: 90%
Magic:  21/32      EV: 12    Int: 22    God:    Vehumet [*****.]
Gold:   3254       SH:  6    Dex: 15    Spells: 7/41 levels left

rFire   + + +      SeeInvis +   l - +11 dagger "Ytwyat" {venom, rPois rF+++ Int-2 Stlth+}
rCold   + . .      Faith    .   F - +1 buckler {rC+}
rNeg    . . .      Spirit   .   H - +1 steam dragon scales
rPois   +          Reflect  .   k - +0 helmet
rElec   +          Harm     .   (no cloak)
rCorr   .          Rampage  .   P - +0 pair of gloves
Will    ++...                   (no barding)
Stlth   +++++++...              (no amulet)
HPRegen 0.31/turn               x - ring of Makhleb's Vengeance {rElec rF+ Int+6 Dex+4}
MPRegen 0.23/turn               q - ring of willpower

@: very slow
A: AC +5, large, see invisible, deformed body, poison resistance, slowness 2,
spit poison 1, naga tail 2
a: Spit Poison, Renounce Religion


You were on level 13 of the Dungeon.
You worshipped Vehumet.
Vehumet was extremely pleased with you.
You visited 4 branches of the dungeon, and saw 22 of its levels.
You also visited: Sewer and Ice Cave.

You collected 3430 gold pieces.
You spent 176 gold pieces at shops.

Inventory:

Hand Weapons
 l - the +11 dagger "Ytwyat" (weapon) {venom, rPois rF+++ Int-2 Stlth+}
   (You found it in an ice cave)

   It poisons the flesh of those it strikes.
   Int:       It affects your intelligence (-2).
   rF:        It renders you almost immune to fire.
   rPois:     It protects you from poison.
   Stlth:     It makes you more stealthy.
 X - a +1 scimitar of flaming
Missiles
 y - a throwing net
 G - 23 poisoned darts
Armour
 k - a +0 helmet (worn)
 F - a +1 buckler of cold resistance (worn)
 H - +1 steam dragon scales (worn)
 K - a scarf of shadows
 P - a +0 pair of gloves (worn)
Jewellery
 q - a ring of willpower (right hand)
 t - an amulet of magic regeneration
 x - the ring of Makhleb's Vengeance (left hand) {rElec rF+ Int+6 Dex+4}
   (You acquired it on level 1 of the Lair of Beasts)

   [ring of intelligence]

   Int:       It affects your intelligence (+6).
   Dex:       It affects your dexterity (+4).
   rF:        It protects you from fire.
   rElec:     It insulates you from electricity.
 z - a ring of protection from cold
 L - a ring of positive energy
Wands
 c - a wand of mindburst (7)
 r - a wand of digging (12)
 A - a wand of polymorph (9)
 E - a wand of flame (7)
 I - a wand of paralysis (6)
 Q - a wand of iceblast (22)
 R - a wand of acid (17)
 S - a wand of charming (2)
Scrolls
 a - 2 scrolls of blinking
 d - 4 scrolls of fog
 e - a scroll of acquirement
 h - 2 scrolls of amnesia
 m - 6 scrolls of magic mapping
 n - 3 scrolls of enchant weapon
 o - a scroll of teleportation
 u - a scroll of vulnerability {unknown}
 w - a scroll of identify
 J - 7 scrolls of fear
 V - a scroll of summoning {unknown}
 W - a scroll of silence {unknown}
Potions
 b - 4 potions of magic
 f - 3 potions of might
 g - 2 potions of resistance
 i - 4 potions of brilliance
 j - 3 potions of ambrosia
 p - 9 potions of curing
 s - a potion of attraction {unknown}
 v - 3 potions of invisibility
 B - 2 potions of haste
 C - 2 potions of flight
 M - a potion of heal wounds
 N - a potion of mutation
 O - 6 potions of degeneration {unknown}
 T - a potion of berserk rage
Miscellaneous
 U - a phial of floods


   Skills:
 + Level 7.3 Fighting
 + Level 5.8(6.0) Short Blades
 + Level 2.2(4.3) Long Blades
 + Level 7.2 Dodging
 + Level 14.8 Stealth
 + Level 5.0 Shields
 + Level 13.5 Spellcasting
 + Level 12.1 Conjurations
 + Level 1.0 Summonings
 + Level 2.6 Translocations
 + Level 2.6 Fire Magic
 + Level 7.4 Air Magic
 + Level 6.6 Earth Magic
 + Level 8.8 Poison Magic
 + Level 1.7 Evocations


You had 7 spell levels left.
You knew the following spells:

 Your Spells              Type           Power      Damage    Failure   Level
a - Magic Dart            Conj           100%       1d8       1%          1
b - Mephitic Cloud        Conj/Pois/Air  54%        N/A       1%          3
c - Conjure Flame         Conj/Fire      47%        6-21      1%          3
d - Blink                 Tloc           52%        N/A       2%          2
e - Airstrike             Air            23%        N/A       1%          4
f - Stone Arrow           Conj/Erth      100%       3d13      1%          3
g - Lee's Rapid Deconstr  Erth           22%        3d13*     2%          5
h - Conjure Ball Lightni  Conj/Air       27%        3x3d8     4%          6
i - Orb of Destruction    Conj           31%        9d10      8%          7

Your spell library contained the following spells:

 Spells                   Type           Power      Damage    Failure   Level
 Lightning Bolt           Conj/Air       27%        1d44      1%          5
 Inner Flame              Hex/Fire       20%        N/A       2%          3
 Freezing Cloud           Conj/Ice/Air   21%        6-21      2%          5
 Animate Skeleton         Necr           28%        N/A       4%          1
 Pain                     Necr           56%        1d6       4%          1
 Slow                     Hex            56%        N/A       4%          1
 Call Imp                 Summ           19%        N/A       4%          2
 Portal Projectile        Hex/Tloc       40%        N/A       9%          3
 Summon Lightning Spire   Summ/Air       33%        N/A       9%          4
 Call Canine Familiar     Summ           19%        N/A       10%         3
 Leda's Liquefaction      Hex/Erth       14%        N/A       13%         4
 Confusing Touch          Hex            14%        N/A       16%         3
 Vampiric Draining        Necr           14%        2d7       16%         3
 Passage of Golubria      Tloc           26%        N/A       17%         4
 Silence                  Hex/Air        15%        N/A       30%         5
 Borgnjor's Vile Clutch   Necr/Erth      14%        N/A       34%         5
 Manifold Assault         Tloc           26%        N/A       43%         5
 Animate Dead             Necr           7%         N/A       45%         4
 Cause Fear               Hex            7%         N/A       45%         4
 Blade Hands              Tmut           7%         N/A       80%         5
 Excruciating Wounds      Necr           7%         N/A       80%         5
 Death Channel            Necr           7%         N/A       100%        6
 Simulacrum               Ice/Necr       7%         N/A       100%        6
 Storm Form               Tmut/Air       15%        N/A       100%        7
 Lehudib's Crystal Spear  Conj/Erth      27%        10d7      83%         8
 Discord                  Hex            7%         N/A       100%        8
 Polar Vortex             Ice            7%         N/A       100%        9


Dungeon Overview and Level Annotations

Branches:
Dungeon (13/15)            Temple (1/1) D:5            Lair (6/6) D:9
  Swamp (0/4) Lair:2       Spider (0/4) Lair:3        Slime (0/5) Lair:5
    Orc (2/2) D:11            Elf (0/3) Orc:2        Vaults (0/5) D:13
  Sewer (visited)           IceCv (visited)

Altars:
Ashenzari
Cheibriados
Dithmenos
Elyvilon
Fedhas
Gozag
Hepliaklqana
Kikubaaqudgha
Makhleb
Nemelex Xobeh
Qazlal
Ru
Sif Muna
Uskayaw
Vehumet
Yredelemnul
Zin
The Shining One
Beogh

Shops:
D:6 (   D:8 :   Orc:1 *   Orc:2 [!(*=


Innate Abilities, Weirdness & Mutations

Your serpentine skin is tough. (AC +5)
You have supernaturally acute eyesight. (SInv)
Armour fits poorly on your strangely shaped body.
Your system is resistant to poisons. (rPois)
You cover ground very slowly.
You can spit poison.
You can use your snake-like lower body to constrict enemies.


Message History

Casting: Stone Arrow (safe; 1% risk of failure)
Confirm with . or Enter, or press ? or * to list all spells.
Aiming: Stone Arrow (safe; 1% risk of failure)
Press: ? - help, Shift-Dir - straight line, f/p - efreet
Aim: an efreet, wielding a +3 scimitar of flaming (moderately wounded, 92% to hit)
The stone arrow hits the efreet!!
You kill the efreet!
Vehumet accepts your kill.
You feel your power returning.
You constrict the ironbound preserver!
The ironbound preserver chortles and stares into space.
The ironbound preserver escapes!
Unknown command.
Casting: Stone Arrow (safe; 1% risk of failure)
Confirm with . or Enter, or press ? or * to list all spells.
Aiming: Stone Arrow (safe; 1% risk of failure)
Press: ? - help, Shift-Dir - straight line, f - slime creature
Aim: a slime creature (95% to hit)
The stone arrow misses the slime creature.
The ironbound preserver seems less confused.
Casting: Stone Arrow (safe; 1% risk of failure)
Confirm with . or Enter, or press ? or * to list all spells.
Aiming: Stone Arrow (safe; 1% risk of failure)
Press: ? - help, Shift-Dir - straight line, f - ironbound preserver, p - slime creature
Aim: an ironbound preserver, wielding a +0 great mace and wearing a +0 ring mail (severely wounded, extremely poisoned, 92% to hit)
The stone arrow hits the ironbound preserver!!
The ironbound preserver is almost dead.
The ironbound preserver hits you with a +0 great mace!!
* * * LOW HITPOINT WARNING * * *
The slime creature closely misses you.
Unknown command.
Casting: Stone Arrow (safe; 1% risk of failure)
Confirm with . or Enter, or press ? or * to list all spells.
Aiming: Stone Arrow (safe; 1% risk of failure)
Press: ? - help, Shift-Dir - straight line, f/p - ironbound preserver
Aim: an ironbound preserver, wielding a +0 great mace and wearing a +0 ring mail (almost dead, extremely poisoned, 92% to hit)
The stone arrow hits the ironbound preserver!!
You kill the ironbound preserver!
Vehumet accepts your kill.
You feel your power returning. The slime creature hits you!
You die...

##### #..# .# #..# .# #..+ ## .#
. #..+ . ..
.########''#..#######.. ..
.##.................... ..
...........†........... ..
...#########..#J'####. .. ...#
#.....'..#.@)..# .. ...#
#.....'..#.(...# .. ####
#.....#..#.....#############
#.....#..#.....#.#.......##.
#.....#..#....∩#.#.......##.
#######..#######.'.......##.
##...#..###.#.......##.
######+####...##......#..#+######
..............####'####..#......#


You could see a slime creature.

Vanquished Creatures
  A reaper (IceCv)
  An ironbound preserver (D:13)
  Snorg (Lair:3)
  6 hydras
  A catoblepas (Lair:2)
  12 two-headed ogres
  2 boulder beetles
  A death knight (D:11)
  2 ogre magi (Orc:2)
  12 death yaks
  Urug (Lair:5)
  An orc high priest (Orc:2)
  Amaemon (Lair:2)
  4 skeletal warriors (D:11)
  A goliath frog (Lair:6)
  2 deep trolls (Orc:2)
  3 bog bodies (Lair:2)
  2 deep elf pyromancers
  An orc knight (Orc:2)
  An ugly thing (D:12)
  3 orc sorcerers (Orc:2)
  5 cyclopes
  6 elephants (Lair:4)
  An ice statue (IceCv)
  8 black mambas
  A molten gargoyle (Lair:4)
  Maurice (D:11)
  An orange demon (Lair:2)
  22 cane toads
  2 torpor snails (Lair:2)
  An anaconda simulacrum (IceCv)
  2 efreet
  6 komodo dragons
  2 rime drakes
  An entropy weaver simulacrum (IceCv)
  An ice devil (IceCv)
  An unseen horror (D:11)
  16 trolls
  2 polar bears (Lair:3)
  A hornet (D:8)
  Prince Ribbit (D:8)
  24 blink frogs
  2 tyrant leeches (Lair:6)
  7 dream sheep
  2 culicivoras (Lair:3)
  2 jumping spiders (Lair:3)
  5 slime creatures
  A centaur simulacrum (D:12)
  2 vampires
  A shadow (D:10)
  A wraith (D:10)
  54 yaks
  3 dire elephant simulacra (IceCv)
  4 wyverns
  4 basilisks
  3 redbacks (Lair:3)
  2 steam dragons (D:9)
  9 vampire mosquitoes
  3 death yak simulacra (IceCv)
  2 wargs
  A harpy simulacrum (IceCv)
  A swamp worm (Lair:2)
  16 water moccasins
  18 orc warriors
  Pargi (Sewer)
  3 black bears
  23 ogres
  6 wolves (Lair:4)
  6 centaurs
  A kobold brigand (D:7)
  16 bullfrogs
  2 gnoll sergeants
  3 scorpions
  A two-headed ogre simulacrum (IceCv)
  11 wights
  5 cane toad simulacra (IceCv)
  5 jellies
  2 elephant simulacra (IceCv)
  14 killer bees
  10 howler monkeys
  2 electric eels
  26 orc priests
  4 hounds
  20 orc wizards
  2 iguanas (D:6)
  2 polar bear simulacra (IceCv)
  6 troll simulacra (IceCv)
  7 spriggan simulacra (IceCv)
  Robin (D:2)
  14 gnolls
  6 naga simulacra (IceCv)
  9 adders
  A river rat (D:4)
  6 white imps
  11 ufetubi
  4 worms
  A dart slug (D:3)
  72 orcs
  10 endoplasms
  2 giant cockroaches
  10 goblins
  13 hobgoblins
  5 jackals
  17 kobolds
  A quokka (D:2)
  4 ball pythons
  7 bats
  5 frilled lizards (D:1)
  8 rats
692 creatures vanquished.

Vanquished Creatures (collateral kills)
  A yak (D:9)
  A killer bee (D:9)
2 creatures vanquished.

Vanquished Creatures (others)
  A killer bee (D:8)
  An orc wizard (Orc:1)
  A bush (Lair:4)
  A butterfly (Lair:5)
  A fire vortex (Lair:4)
  71 fungi
  138 plants
214 creatures vanquished.

Grand Total: 908 creatures vanquished

Notes
Turn   | Place    | Note
-------+----------+-------------------------------------------
     0 | D:1      | zazu2006 the Naga Hedge Wizard began the quest for the Orb.
     0 | D:1      | Reached XP level 1. HP: 15/15 MP: 4/4
   199 | D:1      | Reached XP level 2. HP: 22/22 MP: 3/6
   972 | D:1      | Reached XP level 3. HP: 28/28 MP: 3/7
   976 | D:1      | Learned a level 3 spell: Mephitic Cloud
   980 | D:1      | Learned a level 3 spell: Conjure Flame
  1208 | D:2      | Noticed Robin
  1757 | D:2      | Killed Robin
  1758 | D:2      | Reached skill level 1 in Poison Magic
  1758 | D:2      | Reached XP level 4. HP: 14/36 MP: 3/9
  2626 | D:2      | Reached skill level 1 in Fighting
  3064 | D:2      | Reached XP level 5. HP: 44/44 MP: 5/11
  3444 | D:2      | Learned a level 2 spell: Blink
  4290 | D:3      | Found a faded altar of an unknown god.
  4651 | D:4      | Noticed an ogre
  4690 | D:4      | Killed an ogre
  4691 | D:4      | Reached XP level 6. HP: 22/51 MP: 2/12
  5103 | D:4      | Found a glowing drain.
  5112 | Sewer    | Entered a sewer
  5202 | Sewer    | Reached skill level 4 in Stealth
  5257 | Sewer    | Noticed Pargi
  5268 | Sewer    | Killed Pargi
  5524 | D:4      | Reached skill level 1 in Air Magic
  5752 | D:4      | Reached XP level 7. HP: 27/57 MP: 0/14
  6465 | D:5      | Entered Level 5 of the Dungeon
  6715 | D:5      | Reached skill level 5 in Spellcasting
  6752 | D:5      | Found a staircase to the Ecumenical Temple.
  6769 | Temple   | Entered the Ecumenical Temple
  7024 | Temple   | Became a worshipper of Vehumet
  8234 | D:6      | Reached XP level 8. HP: 64/64 MP: 12/16
  8261 | D:6      | Reached skill level 5 in Stealth
  8430 | D:6      | Found Helygux's Weapon Shoppe.
  8684 | D:6      | Reached skill level 5 in Conjurations
  8690 | D:6      | Reached * piety under Vehumet
  8690 | D:6      | Offered knowledge of Shock by Vehumet.
  9192 | D:7      | Reached skill level 5 in Poison Magic
  9208 | D:7      | Reached skill level 6 in Stealth
  9208 | D:7      | Reached XP level 9. HP: 59/74 MP: 6/18
  9740 | D:8      | Noticed Prince Ribbit
  9740 | D:8      | Noticed a hornet
 11611 | D:8      | Reached skill level 1 in Fire Magic
 11822 | D:8      | Found Ymocvujo's Book Shoppe.
 11834 | D:8      | Identified a scroll of acquirement
 11848 | D:8      | Noticed a two-headed ogre
 11862 | D:8      | Killed a two-headed ogre
 11863 | D:8      | Reached XP level 10. HP: 84/84 MP: 12/22
 12095 | D:8      | Killed Prince Ribbit
 12583 | D:9      | Reached ** piety under Vehumet
 12583 | D:9      | Offered knowledge of Freeze by Vehumet.
 13119 | D:9      | Noticed a death yak
 13141 | D:9      | Reached skill level 7 in Stealth
 13153 | D:9      | Killed a death yak
 13154 | D:9      | Reached skill level 8 in Stealth
 13167 | D:9      | Reached XP level 11. HP: 42/92 MP: 11/24
 13238 | D:9      | Learned a level 4 spell: Airstrike
 13300 | D:9      | Noticed a death yak
 13317 | D:9      | Offered knowledge of Stone Arrow by Vehumet.
 13323 | D:8      | Learned a level 3 spell: Stone Arrow
 13527 | D:9      | Noticed a death yak
 13595 | D:9      | Killed a death yak
 13596 | D:9      | Reached skill level 1 in Long Blades
 13606 | D:9      | Reached skill level 1 in Evocations
 13997 | D:9      | Found a staircase to the Lair.
 14132 | D:9      | Reached *** piety under Vehumet
 14153 | D:9      | Killed a death yak
 14575 | Lair:1   | Entered Level 1 of the Lair of Beasts
 14864 | Lair:1   | Reached skill level 5 in Dodging
 14864 | Lair:1   | Reached skill level 9 in Stealth
 16550 | Lair:2   | Reached skill level 1 in Earth Magic
 16826 | Lair:2   | Noticed Amaemon
 16845 | Lair:2   | Reached skill level 5 in Fighting
 16845 | Lair:2   | Reached skill level 10 in Spellcasting
 16850 | Lair:2   | Killed Amaemon
 16851 | Lair:2   | Reached XP level 12. HP: 77/103 MP: 20/26
 16941 | Lair:2   | Offered knowledge of Iskenderun's Mystic Blast by Vehumet.
 17487 | Lair:2   | Noticed a catoblepas
 17846 | Lair:2   | Reached skill level 10 in Stealth
 18219 | Lair:2   | Killed a catoblepas
 18220 | Lair:2   | Reached skill level 5 in Air Magic
 18877 | Lair:2   | Found a staircase to the Swamp.
 19339 | Lair:3   | Noticed a boulder beetle
 19356 | Lair:3   | Killed a boulder beetle
 19385 | Lair:3   | Found a frozen archway.
 19394 | IceCv    | Entered an ice cave
 19677 | IceCv    | Reached skill level 10 in Conjurations
 20734 | IceCv    | Reached **** piety under Vehumet
 20746 | IceCv    | Offered knowledge of Lee's Rapid Deconstruction by Vehumet.
 20756 | IceCv    | Learned a level 5 spell: Lee's Rapid Deconstruction
 22899 | IceCv    | HP: 5/104 [constriction (1)]
 22901 | IceCv    | Gained mutation: You can use your snake-like lower body to
                  | constrict enemies. [Naga growth]
 22901 | IceCv    | Reached XP level 13. HP: 5/111 MP: 26/28
 23300 | IceCv    | Noticed a reaper
 23373 | IceCv    | Killed a reaper
 23726 | IceCv    | Identified the +11 dagger "Ytwyat" {venom, rPois rF+++
                  | Int-2 Stlth+}
 23734 | IceCv    | Identified the +8 mace of Oenomania {vorpal, rElec Str+3
                  | Dex+2}
 23973 | Lair:3   | Found a hole to the Spider Nest.
 24004 | Lair:3   | Reached skill level 1 in Short Blades
 24192 | Lair:3   | Reached skill level 1 in Shields
 24205 | Lair:3   | Reached ***** piety under Vehumet
 24205 | Lair:3   | Offered knowledge of Olgreb's Toxic Radiance by Vehumet.
 24217 | Lair:3   | Reached skill level 11 in Stealth
 24560 | Lair:3   | Noticed Snorg
 24569 | Lair:3   | Killed Snorg
 24817 | Lair:3   | Acquired 808 gold pieces
 26556 | Lair:4   | Reached XP level 14. HP: 30/120 MP: 24/29
 27259 | Lair:4   | Reached skill level 5 in Earth Magic
 27352 | Lair:5   | Found a white marble altar of Elyvilon.
 27476 | Lair:5   | Reached skill level 12 in Stealth
 27702 | Lair:5   | Noticed Urug
 27994 | Lair:5   | Found a staircase to the Slime Pits.
 28316 | Lair:5   | Killed Urug
 28624 | Lair:6   | Entered Level 6 of the Lair of Beasts
 30911 | Lair:6   | Identified the +0 chain mail of the Moon {Slay+6}
 31328 | Lair:1   | Acquired the ring of Makhleb's Vengeance {rElec rF+ Int+6
                  | Dex+4}
 31359 | D:10     | Entered Level 10 of the Dungeon
 31394 | D:10     | Found a large runed translucent door.
 31395 | D:10     | Found a large runed translucent door.
 32559 | D:10     | Found a glowing golden altar of the Shining One.
 32585 | D:10     | Found a glowing silver altar of Zin.
 32630 | D:11     | Offered knowledge of Ozocubu's Refrigeration by Vehumet.
 33072 | D:11     | Reached skill level 13 in Stealth
 33086 | D:11     | Found a staircase to the Orcish Mines.
 33265 | D:11     | Reached XP level 15. HP: 128/128 MP: 10/31
 33484 | D:11     | Noticed Maurice
 33492 | D:11     | Killed Maurice
 34032 | D:11     | Identified the +7 quarterstaff of the Dungeon {flame,
                  | Dex+4}
 34200 | Orc:1    | Entered Level 1 of the Orcish Mines
 34270 | Orc:2    | Entered Level 2 of the Orcish Mines
 34957 | Orc:2    | Reached skill level 5 in Short Blades
 35246 | Orc:1    | Found Zupoff's Assorted Antiques.
 35338 | Orc:1    | Offered knowledge of Conjure Ball Lightning by Vehumet.
 35581 | Orc:1    | Learned a level 6 spell: Conjure Ball Lightning
 35611 | Orc:2    | Reached skill level 14 in Stealth
 35788 | Orc:2    | Found a staircase to the Elven Halls.
 35871 | Orc:2    | Found Beex's Antique Weapon Shop.
 36155 | Orc:2    | Found Wangiqez's Jewellery Emporium.
 36156 | Orc:2    | Found Juwypa's General Store.
 36713 | Orc:2    | Found Wijyosh's Distillery.
 36719 | Orc:2    | Found Geron's Antique Armour Shoppe.
 36758 | Orc:2    | Bought a potion of curing for 36 gold pieces
 36769 | Orc:2    | Bought 2 potions of heal wounds for 140 gold pieces
 37761 | D:12     | You fall into a shaft and drop 1 floor!
 37887 | D:13     | Found a hide-covered altar of Uskayaw.
 38419 | D:12     | Offered knowledge of Orb of Destruction by Vehumet.
 38428 | D:12     | Learned a level 7 spell: Orb of Destruction
 38950 | D:12     | Reached skill level 5 in Shields
 39526 | D:13     | Found a gate to the Vaults.
 39547 | D:13     | Slain by a slime creature

Illustrated notes

Levels and vault maps discovered:
D:1:      minmay_arrival_open_corners, layout_loops_ring
D:2:      layout_basic, minmay_misc_feat_square, minivault_5,
          columned_hall_lemuel, uniq_robin
D:3:      kb_forest_paths, layout_basic, hellmonk_ecumenical_altar_inner_sanctum
D:4:      nicolae_cairo_tiling_large, layout_basic, portal_sewer_entry_b,
          serial_forest, infiniplex_forest_clump_long,
          infiniplex_forest_straight_4, infiniplex_forest_corner_2,
          infiniplex_forest_clump_C, infiniplex_forest_clump_long
D:5:      layout_gridville, minmay_temple_entry_junction_2
D:6:      layout_rooms, serial_shops, shop
D:7:      layout_rooms, serial_glass, glass_columns_a, glass_columns_a,
          due_unseen_surprise, minmay_strange_pillars, minmay_strange_pillars,
          feat_on_display, kennysheep_cross_bottleneck, grunt_decor_resistance
D:8:      layout_rooms, serial_shops, shop, uniq_prince_ribbit1
D:9:      layout_rooms, dpeg_lair_monsters
D:10:     layout_basic, jmf_multi_god_temple2, minmay_misc_feat_roman,
          minmay_misc_feat_nine_boxes
D:11:     layout_roguey, orc_0_dummy, st_stairs_7, kennysheep_generic_room_13,
          uniq_maurice
D:12:     layout_roguey
D:13:     layout_stronghold, skrybe_vaults_entry_preservation,
          nicolae_uskayaw_en_pointe
Temple:   mainiacjoe_temple_big_plus
Lair:1:   layout_cave_pods, infiniplex_staircase_pool
Lair:2:   layout_chaotic_city, nicolae_swamp_entry_splash_gauntlet,
          st_stairs_12, serial_bayou_shore_b, grunt_megastairs_2, uniq_amaemon
Lair:3:   layout_chaotic_city, nicolae_spider_entry_tight_spaces,
          portal_ice_cave_entry_pillars_1, uniq_snorg
Lair:4:   layout_gridlike
Lair:5:   layout_hall_layers, nicolae_slime_entry_slimehenge, basic_altar,
          beast_lair_carwin_5, lemuel_fruit_fields, uniq_urug
Lair:6:   minmay_lair_end_frog_pond, layout_loops_ring, minivault_23
Orc:1:    layout_caves, serial_shops, shop, library_closet
Orc:2:    st_orc_open, layout_diamond_mine, serial_shops, shop,
          minmay_orc_temple_c

Skill      XL: |  1  2  3  4  5  6  7  8  9 10 11 12 13 14 15 |
---------------+----------------------------------------------+-----
Dodging        | 2 3 4 5 6 7 |  7.2
Poison Magic   | 1 2 3 4 5 6 7 8 |  8.8
Conjurations   | 2 3 4 5 7 8 10 11 12 | 12.1
Fighting       | 1 2 3 4 5 6 7 |  7.3
Spellcasting   | 4 5 6 8 9 10 11 12 13 | 13.5
Stealth        | 4 6 8 9 10 11 13 14 | 14.8
Air Magic      | 1 2 4 5 6 7 |  7.4
Fire Magic     | 1 2 |  2.6
Long Blades    | 2 |  2.2
Evocations     | 1 |  1.7
Earth Magic    | 1 3 4 5 6 |  6.6
Translocations | 2 |  2.6
Short Blades   | 3 4 5 |  5.8
Shields        | 3 4 5 |  5.0
Summonings     | |  1.0

Action                   |  1- 3 |  4- 6 |  7- 9 | 10-12 | 13-15 || total
-------------------------+-------+-------+-------+-------+-------++-------
Melee: Dagger            |     5 |    55 |   118 |   322 |   714 ||  1214
       Punch             |       |     1 |       |     7 |     3 ||    11
       Long sword        |       |       |       |     9 |       ||     9
       Constrict         |       |       |       |       |   166 ||   166
 Cast: Magic Dart        |    79 |   154 |   253 |    50 |    32 ||   568
       Mephitic Cloud    |     1 |    13 |    27 |    68 |   109 ||   218
       Conjure Flame     |       |       |    15 |    43 |    20 ||    78
       Blink             |       |       |     3 |     5 |     8 ||    16
       Stone Arrow       |       |       |       |    91 |   233 ||   324
       Airstrike         |       |       |       |     7 |    17 ||    24
       Lee's Rapid Decon |       |       |       |       |    11 ||    11
 Abil: Spit Poison       |    13 |    23 |    21 |    10 |     5 ||    72
Evoke: Wand              |       |       |       |    14 |     1 ||    15
       Phial of floods   |       |       |       |     1 |       ||     1
  Use: Potion            |       |     1 |     8 |     1 |     4 ||    14
       Scroll            |       |     8 |     5 |     8 |     4 ||    25
 Stab: Confused          |       |     4 |    11 |    25 |    63 ||   103
       Paralysed         |       |       |       |     4 |       ||     4
       Sleeping          |       |       |       |     2 |    34 ||    36
       Distracted        |       |       |       |       |     2 ||     2
Armor: Robe              |     2 |    31 |    44 |     8 |       ||    85
       Skin              |       |       |    12 |       |       ||    12
       Steam dragon scal |       |       |       |   117 |   168 ||   285
Dodge: Dodged            |    16 |    73 |   119 |   275 |   343 ||   826
Block: Buckler           |       |       |       |       |    99 ||    99

Table legend: (Time is in decaauts)
 A = Elapsed time spent in this place.
 B = Non-inter-level travel time spent in this place.
 C = Inter-level travel time spent in this place.
 D = Time resting spent in this place.
 E = Time spent auto-exploring this place.
 F = Levels seen in this place.
 G = Mean time per level.
                   A        B        C        D        E       F      G
               +--------+--------+--------+--------+--------+-----+--------+
         Total |  45555 |  44439 |   1116 |  12197 |  23923 |  24 | 1898.1 |
       Dungeon |  21766 |  21187 |    579 |   3522 |  13981 |  13 | 1674.3 |
        Temple |    391 |    350 |     41 |      0 |    335 |   1 |  391.0 |
          Lair |  14222 |  13762 |    460 |   4113 |   7137 |   6 | 2370.3 |
  Orcish Mines |   3917 |   3882 |     35 |   1257 |   1650 |   2 | 1958.5 |
         Sewer |    372 |    372 |      0 |      0 |    323 |   1 |  372.0 |
      Ice Cave |   4885 |   4885 |      0 |   3304 |    495 |   1 | 4885.0 |
               +--------+--------+--------+--------+--------+-----+--------+

Top non-repeatable levels by time:
   IceCv: 4885 daAuts
  Lair:2: 2993 daAuts
  Lair:4: 2804 daAuts
  Lair:1: 2744 daAuts
     D:2: 2513 daAuts
   Orc:2: 2392 daAuts
  Lair:6: 2340 daAuts
     D:7: 2280 daAuts
     D:8: 2009 daAuts
  Lair:5: 1929 daAuts
     D:4: 1857 daAuts
    D:11: 1691 daAuts
    D:12: 1689 daAuts
     D:9: 1685 daAuts
    D:10: 1598 daAuts
